| TOP OF THE 1ST |
|
Greenville Spinners batting - Pitching for Sumter Gamecocks : LHP Gabe Diaz
|
|
Pitching: LHP Gabe Diaz
|
|
|
Batting: RHB Tony Russell
|
0-0: Called Strike 0-1: Called Strike 0-2: Ball 1-2: Fly out, F8 (Flyball, 89D, EV 86.9 MPH)
|
|
Batting: RHB Richard Duran
|
0-0: Ball 1-0: Called Strike 1-1: Swinging Strike 1-2: Fly out, F8 (Flyball, 8LXD, EV 92.5 MPH)
|
|
Batting: RHB Ronald Carapezzi
|
0-0: Ball 1-0: Foul Ball, location: 2F 1-1: Ball 2-1: Called Strike 2-2: Ball 3-2: Reached on error, E6 (Groundball, 6M, EV 104.4 MPH)
|
|
Batting: LHB William Hance
|
0-0: Foul Ball, location: 2F 0-1: Fly out, F9 (Flyball, 9D, EV 91.9 MPH)
|
| Top of the 1st over - 0 runs, 0 hits, 1 error, 1 left on base; Greenville 0 - Sumter 0 |
| BOTTOM OF THE 1ST |
|
Sumter Gamecocks batting - Pitching for Greenville Spinners : RHP Robert Hussey
|
|
Pitching: RHP Robert Hussey
|
|
|
Batting: SHB John Cangelosi
|
0-0: Called Strike 0-1: Foul Ball, location: 2F 0-2: Ball 1-2: Ball 2-2: Ball 3-2: Fly out, F8 (Flyball, 8RS, EV 96.9 MPH)
|
|
Batting: LHB Antonio Tapia
|
0-0: Ball 1-0: Foul Ball, location: 2F 1-1: Swinging Strike 1-2: Foul Ball, location: 2F 1-2: Foul Ball, location: 2F 1-2: Strikes out looking
|
|
Batting: RHB Randy Washington
|
0-0: Ground out 5-3 (Groundball, 56, EV 82.5 MPH)
|
| Bottom of the 1st over - 0 runs, 0 hits, 0 errors, 0 left on base; Greenville 0 - Sumter 0 |
| TOP OF THE 2ND |
|
Greenville Spinners batting - Pitching for Sumter Gamecocks : LHP Gabe Diaz
|
|
Batting: RHB Glenn Robertson
|
0-0: Called Strike 0-1: Ball 1-1: Ball 2-1: Swinging Strike 2-2: Ball 3-2: DOUBLE (Flyball, 78XD, EV 105.6 MPH)
|
|
Batting: LHB John Edmonds
|
0-0: Ball 1-0: Foul Ball, location: 2F 1-1: Ball 2-1: Fly out, F9 (Flyball, 9D, EV 106.3 MPH) Runner from 2nd tags up, SAFE at 3rd, no throw by RF
|
|
Batting: LHB Tim Jordan
|
0-0: Foul Ball, location: 2F 0-1: Swinging Strike 0-2: Fly out, F8 (Flyball, 8LD, EV 104.4 MPH) Runner from 3rd tags up, OUT at HOME! 8-2
|
| Top of the 2nd over - 0 runs, 1 hit, 0 errors, 0 left on base; Greenville 0 - Sumter 0 |
| BOTTOM OF THE 2ND |
|
Sumter Gamecocks batting - Pitching for Greenville Spinners : RHP Robert Hussey
|
|
Batting: RHB Kelly Gruber
|
0-0: Called Strike 0-1: Swinging Strike 0-2: Foul Ball, location: 2F 0-2: Ground out 4-3 (Groundball, 34, EV 100.0 MPH)
|
|
Batting: LHB Mark Gerard
|
0-0: Ball 1-0: Ball 2-0: Called Strike 2-1: Called Strike 2-2: SINGLE (Groundball, 34D, EV 95.6 MPH)
|
|
Batting: RHB Jerry Hidalgo
|
0-0: Ball 1-0: Fly out, F9 (Flyball, 9, EV 91.9 MPH)
|
|
Batting: RHB Aldo Bagiotti
|
0-0: Fly out, F9 (Line Drive, 9, EV 88.1 MPH)
|
| Bottom of the 2nd over - 0 runs, 1 hit, 0 errors, 1 left on base; Greenville 0 - Sumter 0 |
| TOP OF THE 3RD |
|
Greenville Spinners batting - Pitching for Sumter Gamecocks : LHP Gabe Diaz
|
|
Batting: RHB Luis Salazar
|
0-0: Called Strike 0-1: Ball 1-1: Ground out 5-3 (Groundball, 56S, EV 85.0 MPH)
|
|
Batting: RHB Darrell Woodard
|
0-0: Ball 1-0: Ball 2-0: Foul Ball, location: 2F 2-1: Ground out 3-1 (Groundball, 34, EV 98.1 MPH)
|
|
Batting: RHB Tony Russell
|
0-0: Called Strike 0-1: SOLO HOME RUN (Flyball, 78XD, EV 95.6 MPH), Distance : 406 ft
|
|
Batting: RHB Richard Duran
|
0-0: Called Strike 0-1: Ball 1-1: Ground out 4-3 (Groundball, 4, EV 83.8 MPH)
|
| Top of the 3rd over - 1 run, 1 hit, 0 errors, 0 left on base; Greenville 1 - Sumter 0 |
| BOTTOM OF THE 3RD |
|
Sumter Gamecocks batting - Pitching for Greenville Spinners : RHP Robert Hussey
|
|
Batting: RHB Claude Johnson
|
0-0: Ball 1-0: Foul Ball, location: 2F 1-1: Foul Ball, location: 2F 1-2: SINGLE (Groundball, 3D, EV 103.8 MPH)
|
|
Batting: RHB Juan Hernandez
|
0-0: Ball 1-0: Ball 2-0: Foul Ball, location: 2F 2-1: Foul Ball, location: 2F 2-2: Strikes out swinging
|
|
Batting: SHB John Cangelosi
|
0-0: Ball 1-0: Called Strike 1-1: Foul Ball, location: 2F 1-2: Ball 2-2: Fielders Choice at 2nd, 4-6 (Groundball, 4, EV 86.9 MPH)
|
|
Batting: LHB Antonio Tapia
|
0-0: Ball 1-0: Ball 2-0: Called Strike 2-1: Foul Ball, location: 2F 2-2: Ball John Cangelosi steals 2nd base 3-2: Ground out U3 (Groundball, 3L, EV 78.1 MPH)
|
| Bottom of the 3rd over - 0 runs, 1 hit, 0 errors, 1 left on base; Greenville 1 - Sumter 0 |
| TOP OF THE 4TH |
|
Greenville Spinners batting - Pitching for Sumter Gamecocks : LHP Gabe Diaz
|
|
Batting: RHB Ronald Carapezzi
|
0-0: Foul Ball, location: 2F 0-1: Ground out 6-3 (Groundball, 6, EV 89.4 MPH)
|
|
Batting: LHB William Hance
|
0-0: Called Strike 0-1: Foul Ball, location: 2F 0-2: Ball 1-2: Ball 2-2: Fly out, F9 (Line Drive, 9, EV 109.4 MPH)
|
|
Batting: RHB Glenn Robertson
|
0-0: Called Strike 0-1: Ball 1-1: Swinging Strike 1-2: Strikes out swinging
|
| Top of the 4th over - 0 runs, 0 hits, 0 errors, 0 left on base; Greenville 1 - Sumter 0 |
| BOTTOM OF THE 4TH |
|
Sumter Gamecocks batting - Pitching for Greenville Spinners : RHP Robert Hussey
|
|
Batting: RHB Randy Washington
|
0-0: Called Strike 0-1: Ball 1-1: Ball 2-1: Reached on error, E8 (Flyball, 89M, EV 90.0 MPH)
|
|
Batting: RHB Kelly Gruber
|
0-0: Ball Randy Washington is caught stealing 2nd base 2-4 1-0: Ball 2-0: Fly out, F8 (Flyball, 8RM, EV 86.9 MPH)
|
|
Batting: LHB Mark Gerard
|
0-0: Ball 1-0: Foul Ball, location: 2F 1-1: SINGLE (Flyball, 34D, EV 86.9 MPH)
|
|
Batting: RHB Jerry Hidalgo
|
0-0: Called Strike 0-1: Called Strike 0-2: Foul Ball, location: 2F 0-2: Ball 1-2: Strikes out swinging
|
| Bottom of the 4th over - 0 runs, 1 hit, 1 error, 1 left on base; Greenville 1 - Sumter 0 |
| TOP OF THE 5TH |
|
Greenville Spinners batting - Pitching for Sumter Gamecocks : LHP Gabe Diaz
|
|
Batting: LHB John Edmonds
|
0-0: Ball 1-0: Swinging Strike 1-1: Foul Ball, location: 2F 1-2: Ball 2-2: Strikes out swinging
|
|
Batting: LHB Tim Jordan
|
0-0: Ball 1-0: Ball 2-0: Called Strike 2-1: Foul Ball, location: 2F 2-2: SOLO HOME RUN (Flyball, 9D, EV 110.0 MPH), Distance : 378 ft
|
|
Batting: RHB Luis Salazar
|
0-0: Called Strike 0-1: Ball 1-1: Ball 2-1: Called Strike 2-2: Foul Ball, location: 2F 2-2: SINGLE (Line Drive, 8RS, EV 104.4 MPH)
|
|
Batting: RHB Darrell Woodard
|
0-0: Called Strike Luis Salazar is caught stealing 2nd base 2-4 0-1: Ball 1-1: Called Strike 1-2: Ball 2-2: Ball 3-2: Foul Ball, location: 2F 3-2: Base on Balls
|
|
Batting: RHB Tony Russell
|
Pickoff Throw to First - Error! E1 Darrell Woodard to second 0-0: Ball 1-0: Ground out 5-3 (Groundball, 56, EV 86.3 MPH)
|
| Top of the 5th over - 1 run, 2 hits, 1 error, 1 left on base; Greenville 2 - Sumter 0 |
| BOTTOM OF THE 5TH |
|
Sumter Gamecocks batting - Pitching for Greenville Spinners : RHP Robert Hussey
|
|
Batting: RHB Aldo Bagiotti
|
0-0: Called Strike 0-1: SINGLE (Groundball, 34D, EV 98.1 MPH)
|
|
Batting: RHB Claude Johnson
|
0-0: Called Strike 0-1: Ball 1-1: Bunt missed! 1-2: Ball 2-2: Fly out, F8 (Flyball, 8LM, EV 78.8 MPH)
|
|
Batting: RHB Juan Hernandez
|
0-0: Fly out, F8 (Flyball, 8RXD, EV 106.3 MPH)
|
|
Batting: SHB John Cangelosi
|
0-0: Ball 1-0: Foul Ball, location: 2F 1-1: Ball 2-1: TRIPLE (Flyball, 9LD, EV 109.4 MPH) Aldo Bagiotti scores
|
|
Batting: LHB Antonio Tapia
|
0-0: Fly out, F8 (Flyball, 78M, EV 91.3 MPH)
|
| Bottom of the 5th over - 1 run, 2 hits, 0 errors, 1 left on base; Greenville 2 - Sumter 1 |
| TOP OF THE 6TH |
|
Greenville Spinners batting - Pitching for Sumter Gamecocks : LHP Gabe Diaz
|
|
Batting: RHB Richard Duran
|
0-0: Ball 1-0: Called Strike 1-1: Called Strike 1-2: Ball 2-2: Strikes out swinging
|
|
Batting: RHB Ronald Carapezzi
|
0-0: Ball 1-0: Called Strike 1-1: Called Strike 1-2: Ball 2-2: Foul Ball, location: 2F 2-2: Fly out, F7 (Flyball, 7S, EV 91.3 MPH)
|
|
Batting: LHB William Hance
|
0-0: Foul Ball, location: 2F 0-1: Ball 1-1: Foul Ball, location: 2F 1-2: Strikes out swinging
|
| Top of the 6th over - 0 runs, 0 hits, 0 errors, 0 left on base; Greenville 2 - Sumter 1 |
| BOTTOM OF THE 6TH |
|
Sumter Gamecocks batting - Pitching for Greenville Spinners : RHP Robert Hussey
|
|
Batting: RHB Randy Washington
|
0-0: Ball 1-0: Ball 2-0: Called Strike 2-1: Foul Ball, location: 2F 2-2: Strikes out swinging
|
|
Batting: RHB Kelly Gruber
|
0-0: Ball 1-0: Called Strike 1-1: Ball 2-1: Ground out 5-3 (Groundball, 56, EV 99.4 MPH)
|
|
Batting: LHB Mark Gerard
|
0-0: Ball 1-0: Swinging Strike 1-1: Ball 2-1: Reached via error on a dropped throw from 2B, E3 (Groundball, 4, EV 85.0 MPH)
|
|
Batting: RHB Jerry Hidalgo
|
0-0: Foul Ball, location: 2F 0-1: Reached on error, E4 (Groundball, 4, EV 76.9 MPH) Mark Gerard to second
|
|
Batting: RHB Aldo Bagiotti
|
0-0: Ball 1-0: Ball 2-0: Ball 3-0: Called Strike 3-1: Foul Ball, location: 2F 3-2: Base on Balls Mark Gerard to third Jerry Hidalgo to second
|
|
Batting: RHB Claude Johnson
|
0-0: Ball 1-0: Foul Ball, location: 2F 1-1: Ball 2-1: Ball 3-1: Ground out 4-3 (Groundball, 4, EV 91.9 MPH)
|
| Bottom of the 6th over - 0 runs, 0 hits, 2 errors, 3 left on base; Greenville 2 - Sumter 1 |
| TOP OF THE 7TH |
|
Greenville Spinners batting - Pitching for Sumter Gamecocks : LHP Gabe Diaz
|
|
Batting: RHB Glenn Robertson
|
0-0: TRIPLE (Line Drive, 9D, EV 101.9 MPH)
|
|
Batting: LHB John Edmonds
|
0-0: Swinging Strike 0-1: Swinging Strike 0-2: Foul Ball, location: 2F 0-2: Ball 1-2: Ground out 4-3 (Groundball, 4S, EV 85.0 MPH)
|
|
Batting: LHB Tim Jordan
|
0-0: Swinging Strike 0-1: Ground out 6-3 (Groundball, 6, EV 84.4 MPH)
|
|
Batting: RHB Luis Salazar
|
0-0: Fly out, F9 (Flyball, 9LS, EV 85.0 MPH)
|
| Top of the 7th over - 0 runs, 1 hit, 0 errors, 1 left on base; Greenville 2 - Sumter 1 |
| BOTTOM OF THE 7TH |
|
Sumter Gamecocks batting - Pitching for Greenville Spinners : RHP Robert Hussey
|
|
Batting: RHB Juan Hernandez
|
0-0: Ball 1-0: Ball 2-0: Foul Ball, location: 2F 2-1: Fly out, F9 (Flyball, 9, EV 85.0 MPH)
|
|
Batting: SHB John Cangelosi
|
0-0: Called Strike 0-1: Fly out, F8 (Flyball, 89D, EV 98.1 MPH)
|
|
Batting: LHB Antonio Tapia
|
0-0: Ball 1-0: Foul Ball, location: 2F 1-1: Ball 2-1: Swinging Strike 2-2: Foul Ball, location: 2F 2-2: Ground out 4-3 (Groundball, 34, EV 97.5 MPH)
|
| Bottom of the 7th over - 0 runs, 0 hits, 0 errors, 0 left on base; Greenville 2 - Sumter 1 |
| TOP OF THE 8TH |
|
Greenville Spinners batting - Pitching for Sumter Gamecocks : LHP Gabe Diaz
|
|
Batting: RHB Darrell Woodard
|
0-0: Called Strike 0-1: Ball 1-1: Ball 2-1: Foul Ball, location: 2F 2-2: Fly out, F8 (Line Drive, 8RD, EV 85.0 MPH)
|
|
Batting: RHB Tony Russell
|
0-0: Ball 1-0: Ball 2-0: Foul Ball, location: 2F 2-1: Ball 3-1: Foul Ball, location: 2F 3-2: Foul Ball, location: 2F 3-2: Foul Ball, location: 2F 3-2: Foul Ball, location: 2F 3-2: Strikes out swinging
|
|
Batting: RHB Richard Duran
|
0-0: Ground out 3-1 (Groundball, 34S, EV 83.8 MPH)
|
| Top of the 8th over - 0 runs, 0 hits, 0 errors, 0 left on base; Greenville 2 - Sumter 1 |
| BOTTOM OF THE 8TH |
|
Sumter Gamecocks batting - Pitching for Greenville Spinners : RHP Robert Hussey
|
|
Batting: RHB Randy Washington
|
0-0: Ground out 4-3 (Groundball, 13, EV 85.0 MPH)
|
|
Batting: RHB Kelly Gruber
|
0-0: Swinging Strike 0-1: Fly out, F6 (Flyball, 5D, EV 85.0 MPH)
|
|
Batting: LHB Mark Gerard
|
0-0: Called Strike 0-1: Fly out, F9 (Flyball, 89S, EV 91.3 MPH)
|
| Bottom of the 8th over - 0 runs, 0 hits, 0 errors, 0 left on base; Greenville 2 - Sumter 1 |
| TOP OF THE 9TH |
|
Greenville Spinners batting - Pitching for Sumter Gamecocks : LHP Gabe Diaz
|
|
Batting: RHB Ronald Carapezzi
|
0-0: Called Strike 0-1: Foul Ball, location: 2F 0-2: Strikes out swinging
|
|
Batting: LHB William Hance
|
0-0: Ball 1-0: Ground out 4-3 (Groundball, 4, EV 105.0 MPH)
|
|
Batting: RHB Glenn Robertson
|
0-0: Called Strike 0-1: Foul Ball, location: 2F 0-2: Strikes out swinging
|
| Top of the 9th over - 0 runs, 0 hits, 0 errors, 0 left on base; Greenville 2 - Sumter 1 |
| BOTTOM OF THE 9TH |
|
Sumter Gamecocks batting - Pitching for Greenville Spinners : RHP Robert Hussey
|
|
Pitching: RHP Scott Farmer
|
|
|
Pinch Hitting: RHB Ron Shepherd
|
0-0: Called Strike 0-1: Ball 1-1: Ground out 5-3 (Groundball, 5, EV 96.3 MPH)
|
|
Pinch Hitting: LHB Rick Siriano
|
0-0: Fly out, F5 (Popup, 5L, EV 62.5 MPH)
|
|
Pinch Hitting: RHB Vaughn Calloway
|
0-0: Called Strike 0-1: Foul Ball, location: 2F 0-2: Ball 1-2: SINGLE (Line Drive, 9LM, EV 101.3 MPH)
|
|
Pinch Hitting: RHB Timothy Thiessen
|
0-0: Called Strike 0-1: Ball 1-1: Fly out, F4 (Popup, 34D, EV 65.0 MPH)
|
| Bottom of the 9th over - 0 runs, 1 hit, 0 errors, 1 left on base; Greenville 2 - Sumter 1 |
|